 Dungeon Crawl Stone Soup version 0.16.0-11-gd45b091 (console) character file.

2 gw the Grave Robber (level 1, -3/11 HPs)
             Began as a Halfling Necromancer on Mar 17, 2015.
             Slain by an ooze (4 damage)
             ... on level 1 of the Dungeon.
             The game lasted 00:00:32 (139 turns).

gw the Grave Robber (Halfling Necromancer)           Turns: 139, Time: 00:00:32

Health: -3/11      AC:  2    Str:  8    XL:     1   Next: 44%
Magic:  1/2        EV: 15    Int: 14    God:
Gold:   0          SH:  0    Dex: 14    Spells: 2 memorised, 1 level left

rFire  . . .     SeeInvis .     (no weapon)
rCold  . . .     Clarity  .     a - +0 robe
rNeg   . . .     SustAb   .     (no shield)
rPois  .         Gourm    .     (no helmet)
rElec  .         Spirit   .     (no cloak)
rCorr  .         Warding  .     (no gloves)
rMut   .         Stasis   .     (no boots)
MR     .....                    (no amulet)
Stlth  ++........               (no ring)
                                (no ring)

@: not resistant to hostile enchantments, unstealthy
A: mutation resistance 1
a: no special abilities


You were on level 1 of the Dungeon.
You were not hungry.

You visited 1 branch of the dungeon, and saw 1 of its levels.

Inventory:

Armour
 a - a +0 robe (worn)
Books
 b - a book of Necromancy

   Spells                             Type                      Level
   a - Pain                           Necromancy                   1
   b - Animate Skeleton               Necromancy                   1
   c - Vampiric Draining              Necromancy                   3
   d - Regeneration                   Charms/Necromancy            3
   e - Animate Dead                   Necromancy                   4
   f - Control Undead                 Necromancy                   4
Comestibles
 c - a bread ration


   Skills:
 + Level 0.0 Fighting
 + Level 0.2 Armour
 - Level 2.1 Dodging
 - Level 2.1 Stealth
 * Level 1.7 Spellcasting
 + Level 3.2 Necromancy


You had one spell level left.
You knew the following spells:

 Your Spells              Type           Power        Failure   Level  Hunger
a - Pain                  Necr           ##..         10%         1    ##.....
b - Animate Skeleton      Necr           N/A          10%         1    ##.....


Dungeon Overview and Level Annotations

Branches:
Dungeon (1/15)

Altars:


Innate Abilities, Weirdness & Mutations

You are small and have problems with some larger weapons.
You are somewhat resistant to further mutation.


Message History

FLEEEEING!
MOVING TO (0,4) Unknown command.
Unknown command.
Unknown command.
MOVING TO (0,3) Unknown command.
Unknown command.
Unknown command.
MOVING TO (0,2) Unknown command.
Unknown command.
Unknown command.
MOVING TO (0,1) Unknown command.
Unknown command.
Unknown command.
MOVING TO (-5,4)
The ooze hits you.
You die...

# .##. #.##..?
#########.#... ###
########.......# ... ..#
#.....##)####.####.# #
..###.....##.####...##.###.#
................>......)...#
########...#..###J#....#####
.# #...#.(..p.###### .#
#...#....### .$# #...#....#
#.# +...#....# .. #...#....#
..# #####....# #....# #....#
..####


You could see an ooze.

Table legend:
 A = Turns spent in this place as a percentage of turns spent in the entire game.
 B = Non-inter-level travel turns spent in this place as a percentage of non-inter-level travel turns spent in the entire game.
 C = Inter-level travel turns spent in this place as a percentage of turns spent in this place.
 D = Turns resting spent in this place as a percentage of non-inter-level travel turns spent in this place.
 E = Turns spent auto-exploring this place as a percentage of non-inter-level travel turns spent in this place.
 F = Non-inter-level travel turns spent in this place divided by the number of levels of this place that you've seen.
                   A       B       C       D       E      F
               +-------+-------+-------+-------+-------+----------------------
         Total | 100.0 | 100.0 |   0.0 |   0.2 |   1.3 | 894.0
       Dungeon | 100.0 | 100.0 |   0.0 |   0.2 |   1.3 | 894.0
               +-------+-------+-------+-------+-------+----------------------

Table legend:
 A = Kills in this place as a percentage of kills in entire the game.
 B = Kills by you in this place as a percentage of kills by you in the entire game.
 C = Kills by friends in this place as a percentage of kills by friends in the entire game.
 D = Other kills in this place as a percentage of other kills in the entire game.
 E = Experience gained in this place as a percentage of experience gained in the entire game.
 F = Experience gained in this place divided by the number of levels of this place that you have seen.
                   A       B       C       D       E      F
               +-------+-------+-------+-------+-------+----------------------
         Total | 100.0 | 100.0 |  -nan |  -nan | 100.0 |   4.0
       Dungeon | 100.0 | 100.0 |  -nan |  -nan | 100.0 |   4.0
               +-------+-------+-------+-------+-------+----------------------

Vanquished Creatures
  A goblin (D:1)
  A kobold (D:1)
2 creatures vanquished.

Notes
Turn   | Place    | Note
--------------------------------------------------------------
     0 | D:1      | gw, the Halfling Necromancer, began the quest for the Orb.
     0 | D:1      | Reached XP level 1. HP: 11/11 MP: 2/2
     2 | D:1      | Learned a level 1 spell: Animate Skeleton
   139 | D:1      | Slain by an ooze

Action                   || total
-------------------------++-------
Melee: Unarmed           ||     2
 Cast: Pain              ||     9

Vault maps used:
D:1:      scummos_arrival_simple_crosswalls
